 Dungeon Crawl Stone Soup version 0.32-a0-872-g59262bdc9b (webtiles) character file.

Game seed: 11047203508502880720

548 Autsider the Shooter (level 7, 54/64 HPs)
             Began as a Minotaur Hunter on Mar 30, 2024.
             Quit the game on level 3 of the Dungeon.
             The game lasted 00:08:48 (2099 turns).

Autsider the Shooter (Minotaur Hunter)              Turns: 2099, Time: 00:08:49

Health: 54/64      AC:  6    Str: 16    XL:     7   Next: 7%
Magic:  6/6        EV: 12    Int:  6    God:
Gold:   150        SH:  0    Dex: 15    Spells: 6/6 levels left

rFire   . . .        a - +0 shortbow
rCold   . . .        (shield currently unavailable)
rNeg    . . .        n - +2 robe {Will+}
rPois   +            (helmet restricted)
rElec   .            t - +1 cloak {rPois}
rCorr   .            (no gloves)
SInv    .            (no boots)
Will    +....        (no amulet)
Stlth   ++           (no ring)
HPRegen 0.30/turn    (no ring)
MPRegen 0.10/turn

%: no passive effects
@: no status effects
A: horns 2, retaliatory headbutt
a: no special abilities


You were on level 3 of the Dungeon.
You visited 1 branch of the dungeon, and saw 3 of its levels.

You collected 150 gold pieces.

Inventory:

Hand Weapons
 a - a +0 shortbow (weapon)
Armour
 c - a +0 leather armour
 n - a +2 robe of willpower (worn)
 q - a +0 plate armour
 t - a +1 cloak of poison resistance (worn)
Wands
 p - a wand of paralysis (7)
 r - a wand of mindburst (7)
 s - a wand of warping (1)
Scrolls
 d - 3 scrolls of teleportation {unknown}
 f - a scroll of poison {unknown}
 g - a scroll of fog {unknown}
 h - a scroll of blinking {unknown}
 k - a scroll of enchant armour {unknown}
 l - a scroll of amnesia {unknown}
 o - 2 scrolls of identify {unknown}
Potions
 b - a potion of lignification {unknown}
 e - a potion of haste {unknown}
 i - a potion of curing {unknown}
 j - a potion of brilliance {unknown}
 m - a potion of degeneration {unknown}


   Skills:
 + Level 6.3 Fighting
 + Level 6.9 Ranged Weapons
 - Level 3.0 Dodging
 - Level 2.0 Stealth


You had 6 spell levels left.
You didn't know any spells.
Your spell library contained the following spells:

 Spells                   Type           Power      Damage    Failure   Level
 Apportation              Tloc           0%         N/A       45%         1
 Sandblast                Erth           0%         2d4       45%         1
 Jinxbite                 Hex            0%         N/A       58%         2
 Dazzling Flash           Conj/Hex       0%         N/A       83%         3
 Stone Arrow              Conj/Erth      0%         3d7       83%         3
 Brom's Barrelling Bould  Conj/Erth      0%         2d3       99%         4
 Alistair's Intoxication  Alch           0%         N/A       100%        5
 Starburst                Conj/Fire      0%         6d3       100%        6
 Maxwell's Capacitive Co  Air            0%         ∞         100%        8


Dungeon Overview and Level Annotations

Branches:
Dungeon (3/15)

Altars:
Zin


Innate Abilities, Weirdness & Mutations

You have a pair of horns on your head.
You reflexively headbutt those who attack you in melee.


Message History

The kobold brigand barely misses you. You furiously retaliate!
You headbutt the kobold brigand. You shoot an arrow.
The arrow closely misses the kobold brigand.
The kobold brigand barely misses you.
You shoot an arrow.
The arrow closely misses the kobold brigand.
The kobold brigand barely misses you.
You shoot an arrow. The arrow misses the kobold brigand.
The kobold brigand misses you. You furiously retaliate!
You headbutt the kobold brigand. You shoot an arrow.
The arrow hits the kobold brigand but does no damage.
The kobold brigand is severely wounded.
The kobold brigand hits you with a +0 club.
You shoot an arrow.
The arrow barely misses the kobold brigand.
The kobold brigand barely misses you.
You shoot an arrow.
The arrow barely misses the kobold brigand.
The kobold brigand closely misses you. You furiously retaliate!
You headbutt the kobold brigand. You shoot an arrow.
The arrow hits the kobold brigand but does no damage.
The kobold brigand is almost dead.
The kobold brigand hits you with a +0 club.
You shoot an arrow.
The arrow hits the kobold brigand but does no damage.
The kobold brigand is almost dead.
The kobold brigand barely misses you. You furiously retaliate!
You headbutt the kobold brigand!
You kill the kobold brigand!
You have reached level 7!
No target in view!
No target in view!
No target in view!
No target in view!
No target in view!
Okay, then.
Are you sure you want to abandon this character and quit the game? (Confirm with "yes".)

.......[........#.##..###...###..
...................#.............
.................................
.................................
###............)####..###...###..
###..#......#.).....# #...# #..
#..#####...........###(..###..
#.## #..#....................
#.#####.#####@)...............
#.##....# #.......#[.........
#....#### #.....÷.####.......
#..### #.....)<# #....... #..#
##(....)## #.......
####..########........# #.......
.............>........# #.......
###############.......# ########
##.....##


There were no monsters in sight!

Vanquished Creatures
  Grinder (D:3)
  2 kobold brigands (D:3)
  Crazy Yiuf (D:3)
  Jessica (D:3)
  Ijyb (D:3)
  An iguana (D:3)
  3 adders
  2 dart slugs (D:1)
  7 orcs
  A ball python (D:1)
  4 endoplasms
  2 giant cockroaches
  2 goblins
  9 hobgoblins
  8 jackals (D:2)
  4 quokkas
  5 bats
  5 frilled lizards
  16 kobolds
  3 rats
78 creatures vanquished.

Notes
Turn   | Place    | Note
-------+----------+-------------------------------------------
     0 | D:1      | Autsider the Minotaur Hunter began the quest for the Orb.
     0 | D:1      | Reached XP level 1. HP: 18/18 MP: 0/0
    44 | D:1      | Reached skill level 1 in Stealth
    78 | D:1      | Reached XP level 2. HP: 25/25 MP: 1/1
   253 | D:1      | Reached XP level 3. HP: 31/31 MP: 2/2
   759 | D:2      | Found a glowing silver altar of Zin.
  1286 | D:3      | Noticed Jessica
  1289 | D:3      | Killed Jessica
  1290 | D:3      | Reached skill level 5 in Ranged Weapons
  1290 | D:3      | Reached XP level 4. HP: 39/39 MP: 3/3
  1510 | D:3      | Noticed Ijyb
  1517 | D:3      | Paralysed by Ijyb for 2 turns
  1526 | D:3      | Paralysed by Ijyb for 3 turns
  1533 | D:3      | Paralysed by Ijyb for 3 turns
  1539 | D:3      | Killed Ijyb
  1540 | D:3      | Reached XP level 5. HP: 26/46 MP: 4/4
  1788 | D:3      | Found a runed translucent door.
  1789 | D:3      | Noticed Crazy Yiuf
  1799 | D:3      | Killed Crazy Yiuf
  1902 | D:3      | Reached skill level 5 in Fighting
  1902 | D:3      | Reached XP level 6. HP: 39/56 MP: 5/5
  1937 | D:3      | Noticed Grinder
  1946 | D:3      | Paralysed by Grinder for 5 turns
  1959 | D:3      | Killed Grinder
  2099 | D:3      | Reached XP level 7. HP: 54/64 MP: 6/6
  2099 | D:3      | Quit the game

Illustrated notes

Levels and vault maps discovered:
D:1:      dreamdust_arrival_sigmund_warning, layout_rooms,
          chequers_serial_rivers_room_b
D:2:      layout_loops_cross, basic_altar, kennysheep_crisscross,
          hangedman_decor_growths
D:3:      cheibrodos_thug_alley, layout_rooms, portal_sewer_entry_d,
          kennysheep_boxes, uniq_ijyb, uniq_jessica, uniq_crazy_yiuf_cottage,
          uniq_grinder

Skill      XL: |  1  2  3  4  5  6 |
---------------+-------------------+-----
Stealth        | 1 2 |  2.0
Fighting       | 3 4 5 6 |  6.3
Ranged Weapons | 5 6 |  6.9
Dodging        | 3 |  3.0

Action                     |  1- 3 |  4- 6 |  7- 9 || total
---------------------------+-------+-------+-------++-------
  Melee: Shortbow          |       |     2 |       ||     2
         Headbutt          |       |     1 |       ||     1
   Fire: Shortbow          |   111 |   171 |       ||   282
    Use: Scroll            |     1 |       |       ||     1
 Armour: Leather armour    |    21 |    41 |       ||    62
         Robe              |       |    25 |       ||    25
  Dodge: Dodged            |    24 |    47 |       ||    71

Table legend: (Time is in decaauts)
 A = Elapsed time spent in this place.
 B = Non-inter-level travel time spent in this place.
 C = Inter-level travel time spent in this place.
 D = Time resting spent in this place.
 E = Time spent auto-exploring this place.
 F = Levels seen in this place.
 G = Mean time per level.
                   A        B        C        D        E       F      G
               +--------+--------+--------+--------+--------+-----+--------+
         Total |   2159 |   2093 |     66 |    239 |   1236 |   3 |  719.7 |
       Dungeon |   2159 |   2093 |     66 |    239 |   1236 |   3 |  719.7 |
               +--------+--------+--------+--------+--------+-----+--------+

Top non-repeatable levels by time:
     D:2: 847 daAuts
     D:3: 766 daAuts
     D:1: 544 daAuts
